 Dungeon Crawl Stone Soup version 0.21-a0-426-g98080a9 (webtiles) character file.

158 KristoblXynda the Shield-Bearer (level 5, -4/45 HPs)
             Began as a Draconian Fighter on Nov 8, 2017.
             Killed from afar by an orc wizard (6 damage)
             ... with a magic dart
             ... on level 3 of the Dungeon.
             The game lasted 00:03:19 (2416 turns).

KristoblXynda the Shield-Bearer (Draconian Fighter) Turns: 2416, Time: 00:03:21

Health: -4/45      AC:  5    Str: 18    XL:     5   Next: 16%
Magic:  5/5        EV: 11    Int: 14    God:
Gold:   120        SH:  9    Dex: 11    Spells: 4/4 levels left

rFire    . . .     SeeInvis .   s - +2 short sword (elec)
rCold    . . .     Gourm    .   b - +0 shield
rNeg     . . .     Faith    .   (armour unavailable)
rPois    .         Spirit   .   (helmet restricted)
rElec    .         Reflect  .   (no cloak)
rCorr    .         Harm     .   (no gloves)
MR       .....                  (no boots)
Stlth    +.........             (no amulet)
HPRegen  0.15/turn              (no ring)
MPRegen  0.09/turn              (no ring)

@: brilliant, flying (expiring)
A: unfitting armour, cold-blooded, AC +5
a: no special abilities


You were on level 3 of the Dungeon.
You were not hungry.

You visited 1 branch of the dungeon, and saw 3 of its levels.

You collected 120 gold pieces.

Inventory:

Hand Weapons
 a - a +0 long sword
 s - a +2 short sword of electrocution (weapon)
Armour
 b - a +0 shield (worn)
Jewellery
 j - an uncursed ring of protection from magic {unknown}
 m - an uncursed ring of wizardry {unknown}
 n - an uncursed ring of stealth {unknown}
Scrolls
 e - a scroll of enchant weapon {unknown}
 g - a scroll of amnesia {unknown}
 k - a scroll of identify {unknown}
 o - a scroll of fog {unknown}
 q - a scroll of remove curse {unknown}
Potions
 c - a potion of might
 h - 2 potions of flight
Books
 p - a book of Minor Magic

   Spells                             Type                      Level
   a - Magic Dart                     Conjuration                  1
   b - Blink                          Translocation                2
   c - Call Imp                       Summoning                    2
   d - Slow                           Hexes                        2
   e - Conjure Flame                  Conjuration/Fire             3
   f - Mephitic Cloud                 Conjuration/Poison/Air       3
Comestibles
 d - 3 bread rations
 f - 2 meat rations
 r - 2 chunks of flesh


   Skills:
 - Level 3.2 Fighting
 + Level 3.9 Long Blades
 - Level 3.0 Dodging
 + Level 4.5 Shields


You had 4 spell levels left.
You didn't know any spells.

Dungeon Overview and Level Annotations

Branches:
Dungeon (3/15)

Altars:


Innate Abilities, Weirdness & Mutations

Your plain brown scales are hard. (AC +5)
You cannot fit into any form of body armour.
You are cold-blooded and may be slowed by cold attacks.


Message History

You hear some strange, mumbled words.
A magic dart appears from out of thin air!
The magic dart hits you!
* * * LOW HITPOINT WARNING * * *
You closely miss something.
You hear some strange, mumbled words.
A puff of flame appears from out of thin air!
The puff of flame hits you!
You miss something.
You hear some strange, mumbled words.
A puff of flame appears from out of thin air!
The puff of flame misses you. Something hits you but does no damage.
Unknown command.
It was a potion of brilliance.
You feel clever all of a sudden.
An orc wizard appears from thin air!
Reactivating autopickup.
The orc wizard gestures at you while chanting.
The magic dart hits you!
You die...

####.............## .o...
......#..####..o### ....
#.#...........(.@†#### ###
....#........####o...######
......#####..# ##.#......#
##....### #### #o.#..###
#......# ####...##
#.....#.# #.o)....#
#.....#.# #####@###..##
..#####.####....(# #.##
...).........##### #.#
...##.........# ##.# ..#
#.........#####..# ..
#....(..........### .
#.......##........### .
###############.....#######
###.........#


You could see an orc wizard.

Vanquished Creatures
  An orc priest (D:3)
  Terence (D:3)
  4 adders
  An ooze (D:2)
  An adder skeleton (D:3)
  A worm (D:2)
  A dart slug (D:1)
  3 orcs (D:3)
  9 bats
  2 giant cockroaches
  7 hobgoblins
  3 jackals (D:2)
  9 kobolds
  A quokka (D:2)
  A ball python (D:2)
  7 frilled lizards
  A goblin (D:2)
  6 rats
59 creatures vanquished.

Notes
Turn   | Place    | Note
-------+----------+-------------------------------------------
     0 | D:1      | KristoblXynda the Draconian Fighter began the quest for the Orb.
     0 | D:1      | Reached XP level 1. HP: 19/19 MP: 1/1
   171 | D:1      | Reached XP level 2. HP: 26/26 MP: 2/2
   979 | D:2      | Reached XP level 3. HP: 15/31 MP: 3/3
  1963 | D:2      | Reached XP level 4. HP: 34/38 MP: 4/4
  2095 | D:2      | Reached skill level 4 in Shields
  2364 | D:3      | Noticed Terence
  2391 | D:3      | Killed Terence
  2395 | D:3      | Reached XP level 5. HP: 11/45 MP: 5/5
  2413 | D:3      | HP: 1/45 [something/magic dart (5)]
  2416 | D:3      | Killed from afar by an orc wizard

Vault maps used:
D:1:      ncdulo_lavacross
D:2:      nicolae_overflow_hidden_temple, first_bread
D:3:      chequers_ecumenical_altar_simple, uniq_terence

Skill      XL: |  1  2  3  4 |
---------------+-------------+-----
Dodging        | 3 |  3.0
Long Blades    | 3 |  3.9
Shields        | 4 |  4.5
Fighting       | |  3.2

Action                   |  1- 3 |  4- 6 || total
-------------------------+-------+-------++-------
Melee: Long sword        |   122 |    30 ||   152
       Tailslap          |    13 |     3 ||    16
       Short sword       |       |    27 ||    27
  Use: Potion            |       |     3 ||     3
 Stab: Sleeping          |     1 |       ||     1
  Eat: Chunk             |     3 |     2 ||     5
Armor: Skin              |    44 |    18 ||    62
Dodge: Dodged            |    64 |    29 ||    93
Block: Shield            |    70 |    30 ||   100
       Rpst.: Long sword |    20 |     5 ||    25

Table legend:
 A = Spawn XP
 B = Non-spawn XP
 C = Spawn XP percentage of total XP
 D = Spawn monster count
 E = Non-spawn monster count
 F = Spawn count percentage of total count
 G = Total turns spent on level
                    A         B        C        D         E        F      G
               +---------+---------+-------+---------+---------+-------+---------
         Total |       0 |     226 |   0.0 |       0 |      59 |   0.0 |  2416
               +---------+---------+-------+---------+---------+-------+---------
           D:1 |       0 |      24 |   0.0 |       0 |      15 |   0.0 |   716
           D:2 |       0 |      78 |   0.0 |       0 |      31 |   0.0 |  1500
           D:3 |       0 |     124 |   0.0 |       0 |      13 |   0.0 |   200
               +---------+---------+-------+---------+---------+-------+---------
